 Dungeon Crawl Stone Soup version 0.22-a0-430-g6609fc6 (webtiles) character file.

86 Veiltonx the Slasher (level 4, -12/34 HPs)
             Began as a Vampire Gladiator on May 26, 2018.
             Mangled by an ogre
             ... wielding a +0 giant club
              (28 damage)
             ... on level 2 of the Dungeon.
             The game lasted 00:05:12 (831 turns).

Veiltonx the Slasher (Vampire Gladiator)             Turns: 831, Time: 00:05:13

Health: -12/34     AC: 11    Str: 14    XL:     4   Next: 27%
Magic:  4/4        EV:  7    Int: 10    God:
Gold:   33         SH:  0    Dex: 15    Spells: 3/3 levels left

rFire    . . .     SeeInvis +   a - +0 long sword
rCold    . . .     Gourm    .   (no shield)
rNeg     + . .     Faith    .   i - +0 chain mail (curse)
rPois    .         Spirit   .   c - +0 helmet
rElec    .         Reflect  .   (no cloak)
rCorr    .         Harm     .   j - +1 pair of gloves
MR       .....                  (no boots)
Stlth    ..........             (no amulet)
HPRegen  0.11/turn              (no ring)
MPRegen  0.09/turn              (no ring)

@: no status effects
A: fangs 3, see invisible, unbreathing
a: Bat Form


You were on level 2 of the Dungeon.
You were not thirsty.

You visited 1 branch of the dungeon, and saw 2 of its levels.

You collected 33 gold pieces.

Inventory:

Hand Weapons
 a - a +0 long sword (weapon)
Missiles
 d - 3 throwing nets (quivered)
Armour
 b - a +0 leather armour
 c - a +0 helmet (worn)
 i - a cursed +0 chain mail (worn)
 j - a +1 pair of gloves (worn)
Scrolls
 e - a scroll of random uselessness {unknown}
 f - 2 scrolls of magic mapping {unknown}
Potions
 g - a potion of heal wounds {unknown}
 h - 13 potions of blood
 k - a potion of curing {unknown}


   Skills:
 + Level 2.4 Fighting
 * Level 4.0 Long Blades
 - Level 1.5 Throwing
 - Level 1.1 Armour
 + Level 3.9 Dodging


You had 3 spell levels left.
You didn't know any spells.
Your spell library was empty.

Dungeon Overview and Level Annotations

Branches:
Dungeon (2/15)

Altars:
Nemelex Xobeh


Innate Abilities, Weirdness & Mutations

You have razor-sharp teeth.
You have supernaturally acute eyesight. (SInv)
You can survive without breathing.


Message History

The adder is almost dead.
The adder bites you but does no damage. The adder closely misses you.
You riposte.
You slash the adder!
You kill the adder!
Your Long Blades skill increases to level 4!
You closely miss the kobold. The kobold hits you but does no damage.
You slash the kobold!
You kill the kobold!
You hit the ogre but do no damage. The ogre barely misses you.
You slash the ogre!
The ogre is moderately wounded.
The ogre hits you with a giant club!
You hit the ogre. You bite the ogre.
The ogre is heavily wounded.
The ogre hits you with a giant club.
You hit the ogre.
The ogre is severely wounded.
The ogre hits you with a giant club!!
Ouch! That really hurt!
You die...

..# #.# #.# ###
#.# ##.## #.#
#########...###.#
#...............##
#.#######...#.....
#@# #...###.## #O#
#...# #.# #.#
#...# #.## #.#
##.## #... ... #.#
#.## ..# #.# #.#
..# #####.####.#
)... .♣(....#....#
♣......#.####


You could see an ogre.

Vanquished Creatures
  Natasha (D:2)
  2 adders (D:2)
  A worm (D:2)
  2 dart slugs (D:1)
  A leopard gecko (D:1)
  A giant cockroach (D:1)
  7 goblins
  4 hobgoblins (D:1)
  A quokka (D:2)
  7 bats
  2 frilled lizards (D:1)
  5 kobolds
  3 rats
37 creatures vanquished.

Notes
Turn   | Place    | Note
-------+----------+-------------------------------------------
     0 | D:1      | Veiltonx the Vampire Gladiator began the quest for the Orb.
     0 | D:1      | Reached XP level 1. HP: 16/16 MP: 1/1
   182 | D:1      | Reached XP level 2. HP: 15/22 MP: 2/2
   413 | D:1      | Reached XP level 3. HP: 25/27 MP: 3/3
   789 | D:2      | Noticed Natasha
   792 | D:2      | Killed Natasha
   792 | D:2      | Reached skill level 1 in Armour
   792 | D:2      | Reached XP level 4. HP: 33/34 MP: 4/4
   802 | D:2      | Found a sparkling altar of Nemelex Xobeh.
   821 | D:2      | Noticed an ogre
   825 | D:2      | Reached skill level 4 in Long Blades
   831 | D:2      | Mangled by an ogre

Vault maps used:
D:1:      moated_graveyard_arrival
D:2:      overflow_temple_1_default, gammafunk_temple_overflow_statue,
          first_ration, kennysheep_decorative_pillar, minmay_pentomino_w2,
          uniq_natasha

Skill      XL: |  1  2  3  4 |
---------------+-------------+-----
Fighting       | 2 |  2.4
Armour         | 1 |  1.1
Long Blades    | 4 |  4.0
Throwing       | |  1.5
Dodging        | |  3.9

Action                   |  1- 3 |  4- 6 || total
-------------------------+-------+-------++-------
Melee: Long sword        |    92 |    11 ||   103
       Bite              |    12 |     2 ||    14
  Use: Potion            |     3 |       ||     3
Armor: Leather armour    |     6 |       ||     6
       Chain mail        |    47 |     7 ||    54
Dodge: Dodged            |    49 |     2 ||    51
       Rpst.: Long sword |    16 |     1 ||    17

Table legend:
 A = Spawn XP
 B = Non-spawn XP
 C = Spawn XP percentage of total XP
 D = Spawn monster count
 E = Non-spawn monster count
 F = Spawn count percentage of total count
 G = Total turns spent on level
                    A         B        C        D         E        F      G
               +---------+---------+-------+---------+---------+-------+---------
         Total |       0 |     124 |   0.0 |       0 |      37 |   0.0 |   831
               +---------+---------+-------+---------+---------+-------+---------
           D:1 |       0 |      46 |   0.0 |       0 |      24 |   0.0 |   635
           D:2 |       0 |      78 |   0.0 |       0 |      13 |   0.0 |   196
               +---------+---------+-------+---------+---------+-------+---------
